 Dungeon Crawl Stone Soup version 0.30.1-4-g462c640d31 (webtiles) character file.

Game seed: 11658527803725084148

51 Mels the Chiller (level 3, -4/28 HPs)
             Began as a Naga Ice Elementalist on Aug 31, 2023.
             Slain by an orc
             ... wielding a +0 mace
              (8 damage)
             ... on level 2 of the Dungeon.
             The game lasted 00:02:51 (1617 turns).

Mels the Chiller (Naga Ice Elementalist)            Turns: 1617, Time: 00:02:52

Health: -4/28      AC:  2    Str: 10    XL:     3   Next: 83%
Magic:  6/6        EV: 10    Int: 17    God:
Gold:   70         SH:  0    Dex: 11    Spells: 2/6 levels left

rFire   . . .        (no weapon)
rCold   . . .        (no shield)
rNeg    . . .        a - +0 robe
rPois   +            (no helmet)
rElec   .            (no cloak)
rCorr   .            (no gloves)
SInv    +            (no barding)
Will    .....        i - amulet of faith
Stlth   +            (no ring)
HPRegen 0.24/turn    (no ring)
MPRegen 0.10/turn

%: faith
@: confused, brilliant, ambrosia-drunk, very slow
A: AC +1, large, see invisible, deformed body, poison resistance, slowness 2,
spit poison 1, naga tail 1
a: Spit Poison


You were on level 2 of the Dungeon.
You visited 1 branch of the dungeon, and saw 3 of its levels.

You collected 70 gold pieces.

Inventory:

Armour
 a - a +0 robe (worn)
Jewellery
 i - an amulet of faith (around neck)
Scrolls
 d - a scroll of noise {unknown}
 f - a scroll of enchant weapon {unknown}
 h - a scroll of identify {unknown}
 j - a scroll of amnesia {unknown}
Potions
 b - a potion of magic
 e - a potion of brilliance
 g - a potion of haste {unknown}


   Skills:
 + Level 1.9 Dodging
 + Level 3.2 Stealth
 + Level 0.1 Unarmed Combat
 + Level 2.4 Spellcasting
 + Level 4.8 Ice Magic


You had 2 spell levels left.
You knew the following spells:

 Your Spells              Type           Power      Damage    Failure   Level
a - Freeze                Ice            100%       1d10      2%          1
b - Frozen Ramparts       Ice            54%        1d9       8%          3

Your spell library contained the following spells:

 Spells                   Type           Power      Damage    Failure   Level
 Ozocubu's Armour         Ice            27%        N/A       8%          3
 Dazzling Flash           Conj/Hex       6%         N/A       50%         3
 Volatile Blastmotes      Fire/Tloc      6%         2d10      50%         3
 Summon Ice Beast         Ice/Summ       15%        N/A       56%         4
 Iskenderun's Mystic Bla  Conj/Tloc      3%         2d3       88%         4
 Starburst                Conj/Fire      1%         6d3       100%        6


Dungeon Overview and Level Annotations

Branches:
Dungeon (3/15)

Altars:
Trog

Shops:
D:1 (

Annotations:
D:3 Grinder


Innate Abilities, Weirdness & Mutations

Your serpentine skin is tough. (AC +1)
You have supernaturally acute eyesight. (SInv)
Armour fits poorly on your strangely shaped body.
Your system is resistant to poisons. (rPois)
You cover ground very slowly.
You can spit poison.
You have a snake-like lower body.


Message History

There is an open door here.
There is a stone staircase leading down here.
You climb downwards.
Grinder shouts!
The orc shouts!
The orc wizard shouts!
The hobgoblin shouts!
The orc shouts!
You hear a shout! x3
Found a hand axe, 19 gold pieces and a whip.
There is a stone staircase leading up here.
There are monsters nearby!
The orc closely misses you. The orc wizard casts a spell at you.
You are confused.
The orc barely misses you.
You climb upwards.
There is a stone staircase leading down here.
You're too confused to cast spells.
Okay, then.
You bump into the rock wall.
The orc hits you but does no damage. The orc completely misses you.
You bump into the rock wall.
The orc barely misses you. The orc closely misses you.
You bump into the rock wall.
The orc hits you with a +0 war axe. The orc barely misses you.
You bump into the rock wall.
The orc hits you with a +0 war axe. The orc hits you with a +0 mace.
You bump into the rock wall.
The orc hits you with a +0 war axe. The orc hits you with a +0 mace.
It was a potion of brilliance.
You feel clever all of a sudden.
You feel less confused. The orc closely misses you. The orc misses you.
You hit the orc.
The orc is lightly wounded.
The orc hits you with a +0 war axe!
* * * LOW HITPOINT WARNING * * *
The orc closely misses you.
It was a potion of ambrosia.
You are confused.
You feel invigorated. The orc hits you with a +0 war axe.
* * * LOW HITPOINT WARNING * * *
The orc hits you with a +0 mace!
You die...

##### ....### ......#
#.....# ###### #.._..#
#....#
......#####....###
..........'....o@#
....#######....#o#
######### .....#
#....#.# #.......#
..##.# #....#.#
#.#####.# ..##.#
#....#.#####.# #.#
.....######....#....##.#
#.#
#.##.#....######.##.##.#
#.# #.##.#....#
#.##.##.#####.#
#.##.'.<..#
#.......##.##.#


You could see 2 orcs.

Vanquished Creatures
  An adder (D:2)
  3 worms (D:2)
  2 dart slugs (D:1)
  2 endoplasms
  2 goblins (D:2)
  3 hobgoblins (D:2)
  4 jackals (D:2)
  4 ball pythons
  2 frilled lizards
  4 kobolds
  2 rats (D:2)
29 creatures vanquished.

Notes
Turn   | Place    | Note
-------+----------+-------------------------------------------
     0 | D:1      | Mels the Naga Ice Elementalist began the quest for the Orb.
     0 | D:1      | Reached XP level 1. HP: 15/15 MP: 3/3
    77 | D:1      | Found Eggaimna's Antique Weapon Shoppe.
   398 | D:1      | Reached XP level 2. HP: 17/22 MP: 1/5
   962 | D:2      | Found a bloodstained altar of Trog.
   983 | D:2      | Found a faded altar of an unknown god.
  1120 | D:2      | Reached XP level 3. HP: 14/28 MP: 0/6
  1406 | D:2      | Learned a level 3 spell: Frozen Ramparts
  1607 | D:3      | Noticed Grinder
  1617 | D:2      | Slain by an orc

Illustrated notes

Levels and vault maps discovered:
D:1:      dpeg_arrival_round_a, layout_loops_cross, serial_shops, shop
D:2:      layout_basic, hellmonk_ecumenical_altar_arch_garden, basic_altar,
          nicolae_wormholes
D:3:      layout_rooms, uniq_natasha, uniq_grinder

Action                     || total
---------------------------++-------
  Melee: Unarmed           ||    12
   Cast: Freeze            ||    38
Ability: Spit Poison       ||    21
    Use: Potion            ||     2
 Armour: Robe              ||     6
  Dodge: Dodged            ||    35
